[ AOE2 MATCH · #491399976 ]
UnrankedMaya vs Franks
[ REPLAY ANALYSIS · EXTRACTED FROM THE RECORDED GAME ]
Feudal
10:33
Castle
—
Imperial
—
| APM avg | 72.4 |
| APM peak | 101 |
| eAPM avg | 38.5 |
| Villagers / military | 47 / 38 |
Focus
⚔️ 57.6% · 🌾 42.4%
Archer ×33 · Militia ×4 · Spearman ×1
Feudal
9:15
Castle
—
Imperial
—
| APM avg | 48.2 |
| APM peak | 67 |
| eAPM avg | 17.2 |
| Villagers / military | 36 / 11 |
Focus
⚔️ 33.2% · 🌾 66.8%
Scout Cavalry ×11
Feudal
8:26
Castle
—
Imperial
—
| APM avg | 49.1 |
| APM peak | 80 |
| eAPM avg | 19.4 |
| Villagers / military | 34 / 16 |
Focus
⚔️ 49.8% · 🌾 50.2%
Archer ×8 · Skirmisher ×8
Feudal
8:54
Castle
—
Imperial
—
| APM avg | 55.7 |
| APM peak | 75 |
| eAPM avg | 23.1 |
| Villagers / military | 49 / 16 |
Focus
⚔️ 33.3% · 🌾 66.7%
Spearman ×8 · Scout Cavalry ×8
Match map
Initial resources + every placement click. Lines = walls · curves = elevation contours. ◆ gold · ⬟ stone · ● berries · ✦ relic · ◌ wall gap
Your base· Open — unwalled flank
HunosTheMonster's base· Open — unwalled flank
Fs.Alive's base· Open — unwalled flank
Smiley's base· Open — unwalled flank
Smoothed initial terrain · ◌ = detected wall gap · hover for details
Inputs per minute
— TAG_Sitaux - - HunosTheMonster
Build order — TAG_Sitaux
138 actions detected in the replay
| 0:01 | Research | Loom |
| 0:01 | Research | Loom |
| 0:03 | Build | House |
| 0:08 | Build | House |
| 0:13 | Create | Villager (Male) |
| 0:13 | Create | Villager (Male) |
| 0:18 | Create | Villager (Male) |
| 0:18 | Create | Villager (Male) |
| 1:24 | Create | Villager (Male) |
| 1:24 | Create | Villager (Male) |
| 1:54 | Create | Villager (Male) |
| 1:54 | Create | Villager (Male) |
| 2:23 | Create | Villager (Male) |
| 2:36 | Build | Lumber Camp |
| 2:44 | Create | Villager (Male) |
| 3:09 | Create | Villager (Male) |
| 3:09 | Create | Villager (Male) |
| 3:35 | Create | Villager (Male) |
| 3:35 | Create | Villager (Male) |
| 3:36 | Build | House |
| 3:47 | Create | Villager (Male) |
| 4:00 | Create | Villager (Male) |
| 4:29 | Create | Villager (Male) |
| 4:29 | Create | Villager (Male) |
| 4:44 | Build | Barracks |
| 4:57 | Create | Villager (Male) |
| 4:57 | Create | Villager (Male) |
| 5:10 | Build | House |
| 5:37 | Create | Militia |
| 5:37 | Create | Militia |
| 5:40 | Create | Villager (Male) |
| 6:03 | Build | House |
| 6:14 | Create | Villager (Male) |
| 6:21 | Create | Militia |
| 6:21 | Create | Militia |
| 6:30 | Build | Mill |
| 6:39 | Create | Villager (Male) |
| 7:01 | Create | Villager (Male) |
| 7:23 | Create | Villager (Male) |
| 7:50 | Create | Villager (Male) |
| 8:23 | Research | Feudal Age |
| 8:23 | Research | Feudal Age |
| 8:42 | Build | Mining Camp |
| 9:39 | Create | Villager (Male) |
| 9:47 | Build | House |
| 9:51 | Build | House |
| 10:33 | Age | Feudal Age |
| 10:37 | Build | Archery Range |
| 10:39 | Build | Archery Range |
| 10:40 | Research | Double-Bit Axe |
| 10:40 | Research | Double-Bit Axe |
| 10:49 | Create | Villager (Male) |
| 11:05 | Create | Spearman |
| 11:09 | Build | House |
| 11:10 | Build | Palisade Wall |
| 11:17 | Create | Villager (Male) |
| 11:30 | Create | Archer |
| 11:30 | Create | Archer |
| 11:33 | Create | Archer |
| 11:35 | Create | Villager (Male) |
| 11:45 | Build | Archery Range |
| 11:47 | Create | Villager (Male) |
| 11:53 | Create | Archer |
| 11:53 | Create | Archer |
| 11:53 | Create | Archer |
| 12:04 | Create | Archer |
| 12:11 | Create | Archer |
| 12:15 | Create | Villager (Male) |
| 12:24 | Build | House |
| 12:28 | Create | Archer |
| 12:33 | Create | Villager (Male) |
| 12:42 | Create | Archer |
| 12:57 | Build | Blacksmith |
| 12:59 | Build | House |
| 13:01 | Build | Palisade Wall |
| 13:03 | Create | Archer |
| 13:11 | Build | Palisade Wall |
| 13:12 | Build | Palisade Wall |
| 13:15 | Create | Villager (Male) |
| 13:18 | Build | House |
| 13:20 | Build | Palisade Wall |
| 13:24 | Build | Palisade Wall |
| 13:30 | Build | Palisade Gate |
| 13:37 | Create | Archer |
| 13:38 | Create | Archer |
| 13:38 | Create | Archer |
| 13:51 | Create | Archer |
| 13:57 | Research | Fletching |
| 13:57 | Research | Fletching |
| 14:07 | Build | Farm |
| 14:16 | Create | Villager (Male) |
| 14:20 | Build | Palisade Wall |
| 14:22 | Create | Archer |
| 14:22 | Create | Archer |
| 14:36 | Create | Archer |
| 14:52 | Create | Villager (Male) |
| 14:56 | Create | Archer |
| 15:04 | Create | Villager (Male) |
| 15:06 | Build | Farm |
| 15:18 | Create | Archer |
| 15:23 | Create | Villager (Male) |
| 15:24 | Build | Farm |
| 15:27 | Create | Archer |
| 15:32 | Build | Farm |
| 15:36 | Create | Villager (Male) |
| 15:39 | Create | Archer |
| 15:58 | Create | Villager (Male) |
| 16:03 | Create | Archer |
| 16:03 | Create | Archer |
| 16:06 | Create | Villager (Male) |
| 16:07 | Build | House |
| 16:07 | Build | House |
| 16:25 | Create | Archer |
| 16:29 | Create | Villager (Male) |
| 16:30 | Build | Farm |
| 16:33 | Build | House |
| 16:34 | Create | Archer |
| 16:46 | Create | Villager (Male) |
| 16:50 | Create | Archer |
| 16:55 | Research | Padded Archer Armor |
| 16:55 | Research | Padded Archer Armor |
| 16:57 | Build | Farm |
| 16:59 | Build | Farm |
| 16:59 | Create | Archer |
| 16:59 | Create | Archer |
| 17:10 | Build | Farm |
| 17:10 | Create | Villager (Male) |
| 17:21 | Create | Archer |
| 17:27 | Create | Villager (Male) |
| 17:50 | Create | Archer |
| 17:54 | Create | Archer |
| 17:58 | Create | Villager (Male) |
| 18:01 | Build | Farm |
| 18:03 | Build | Farm |
| 18:04 | Create | Archer |
| 18:18 | Build | Farm |
| 18:19 | Build | Farm |
| 18:20 | Create | Villager (Male) |
Build order — HunosTheMonster
101 actions detected in the replay
| 0:00 | Create | Villager (Male) |
| 0:00 | Create | Villager (Male) |
| 0:01 | Create | Villager (Male) |
| 0:01 | Create | Villager (Male) |
| 0:02 | Build | House |
| 0:03 | Build | House |
| 1:23 | Create | Villager (Male) |
| 1:44 | Build | Lumber Camp |
| 1:46 | Create | Villager (Male) |
| 2:06 | Create | Villager (Male) |
| 2:36 | Create | Villager (Male) |
| 3:19 | Create | Villager (Male) |
| 3:25 | Create | Villager (Male) |
| 3:55 | Build | House |
| 3:56 | Build | House |
| 4:01 | Create | Villager (Male) |
| 4:24 | Build | Mill |
| 4:26 | Create | Villager (Male) |
| 4:38 | Create | Villager (Male) |
| 5:17 | Create | Villager (Male) |
| 5:38 | Create | Villager (Male) |
| 6:05 | Create | Villager (Male) |
| 6:33 | Research | Loom |
| 6:33 | Research | Loom |
| 7:05 | Research | Feudal Age |
| 7:05 | Research | Feudal Age |
| 7:26 | Build | Barracks |
| 8:09 | Create | Villager (Male) |
| 8:37 | Build | Palisade Wall |
| 8:40 | Build | Palisade Wall |
| 8:42 | Build | Palisade Wall |
| 8:44 | Build | Palisade Wall |
| 9:15 | Age | Feudal Age |
| 9:16 | Build | Stable |
| 9:18 | Research | Double-Bit Axe |
| 9:18 | Research | Double-Bit Axe |
| 9:18 | Create | Villager (Male) |
| 9:52 | Build | Blacksmith |
| 9:55 | Create | Scout Cavalry |
| 9:55 | Create | Scout Cavalry |
| 9:59 | Build | House |
| 10:02 | Create | Villager (Male) |
| 10:20 | Build | House |
| 10:39 | Research | Forging |
| 10:39 | Research | Forging |
| 10:39 | Create | Villager (Male) |
| 10:41 | Build | House |
| 10:47 | Create | Scout Cavalry |
| 10:51 | Build | Palisade Wall |
| 10:54 | Build | Farm |
| 11:06 | Build | Farm |
| 11:14 | Create | Scout Cavalry |
| 11:19 | Create | Villager (Male) |
| 11:20 | Build | Farm |
| 11:21 | Create | Villager (Male) |
| 11:32 | Build | Farm |
| 11:35 | Build | House |
| 11:38 | Create | Scout Cavalry |
| 11:42 | Build | Farm |
| 11:59 | Create | Villager (Male) |
| 12:01 | Build | Farm |
| 12:09 | Build | Farm |
| 12:20 | Create | Scout Cavalry |
| 12:25 | Build | Palisade Wall |
| 12:51 | Create | Villager (Male) |
| 12:53 | Build | Farm |
| 12:55 | Build | Farm |
| 13:17 | Create | Villager (Male) |
| 13:26 | Create | Villager (Male) |
| 13:36 | Create | Scout Cavalry |
| 13:52 | Build | Farm |
| 13:54 | Build | Lumber Camp |
| 13:56 | Build | Farm |
| 13:57 | Build | Farm |
| 14:00 | Create | Scout Cavalry |
| 14:09 | Create | Villager (Male) |
| 14:11 | Build | House |
| 14:26 | Build | Farm |
| 14:36 | Create | Villager (Male) |
| 14:45 | Build | Farm |
| 14:52 | Create | Scout Cavalry |
| 14:54 | Build | House |
| 14:58 | Create | Villager (Male) |
| 15:13 | Build | Farm |
| 15:19 | Create | Villager (Male) |
| 15:30 | Build | House |
| 15:31 | Create | Villager (Male) |
| 15:34 | Build | Farm |
| 15:37 | Create | Scout Cavalry |
| 15:56 | Build | Mining Camp |
| 16:12 | Build | House |
| 16:13 | Create | Villager (Male) |
| 16:16 | Create | Scout Cavalry |
| 16:47 | Build | Market |
| 16:48 | Create | Villager (Male) |
| 16:48 | Create | Villager (Male) |
| 17:01 | Create | Villager (Male) |
| 17:06 | Create | Villager (Male) |
| 17:25 | Build | Mining Camp |
| 17:28 | Build | House |
| 18:07 | Build | House |
Build order — Fs.Alive
88 actions detected in the replay
| 0:01 | Create | Villager (Male) |
| 0:09 | Create | Villager (Male) |
| 0:09 | Create | Villager (Male) |
| 0:23 | Create | Villager (Male) |
| 1:30 | Create | Villager (Male) |
| 1:59 | Create | Villager (Male) |
| 2:21 | Build | Lumber Camp |
| 2:25 | Create | Villager (Male) |
| 2:36 | Create | Villager (Male) |
| 3:11 | Create | Villager (Male) |
| 3:14 | Create | Villager (Male) |
| 3:24 | Create | Villager (Male) |
| 3:51 | Create | Villager (Male) |
| 3:51 | Create | Villager (Male) |
| 4:01 | Create | Villager (Male) |
| 4:52 | Create | Villager (Male) |
| 5:31 | Build | Mining Camp |
| 5:43 | Research | Loom |
| 6:13 | Research | Feudal Age |
| 7:33 | Build | Barracks |
| 8:17 | Create | Villager (Male) |
| 8:26 | Age | Feudal Age |
| 8:32 | Research | Double-Bit Axe |
| 8:37 | Build | Archery Range |
| 8:46 | Create | Villager (Male) |
| 9:04 | Create | Villager (Male) |
| 9:11 | Build | Palisade Wall |
| 9:19 | Build | Palisade Wall |
| 9:21 | Build | Palisade Wall |
| 9:25 | Create | Villager (Male) |
| 9:26 | Build | Palisade Wall |
| 9:29 | Create | Archer |
| 9:29 | Create | Archer |
| 9:34 | Create | Villager (Male) |
| 10:26 | Create | Villager (Male) |
| 10:29 | Build | Mill |
| 10:38 | Create | Archer |
| 11:03 | Build | Farm |
| 11:12 | Create | Archer |
| 11:14 | Build | Archery Range |
| 11:26 | Build | Farm |
| 11:34 | Create | Villager (Male) |
| 11:34 | Create | Villager (Male) |
| 11:55 | Build | Farm |
| 12:01 | Create | Archer |
| 12:16 | Create | Villager (Male) |
| 12:18 | Build | Farm |
| 12:27 | Build | Blacksmith |
| 12:29 | Build | Palisade Wall |
| 12:33 | Create | Archer |
| 12:40 | Build | Farm |
| 12:41 | Create | Villager (Male) |
| 12:41 | Create | Villager (Male) |
| 12:50 | Create | Archer |
| 12:55 | Build | Palisade Wall |
| 13:00 | Create | Villager (Male) |
| 13:05 | Build | Palisade Wall |
| 13:08 | Build | Palisade Wall |
| 13:13 | Create | Archer |
| 13:27 | Build | Palisade Wall |
| 13:29 | Create | Villager (Male) |
| 13:42 | Create | Skirmisher |
| 13:42 | Create | Skirmisher |
| 14:00 | Create | Villager (Male) |
| 14:03 | Build | Watch Tower |
| 14:10 | Create | Skirmisher |
| 14:11 | Create | Skirmisher |
| 14:20 | Build | Palisade Wall |
| 14:25 | Create | Villager (Male) |
| 14:31 | Create | Villager (Male) |
| 14:40 | Create | Skirmisher |
| 14:40 | Create | Skirmisher |
| 15:01 | Build | Palisade Wall |
| 15:07 | Create | Villager (Male) |
| 15:10 | Create | Skirmisher |
| 15:40 | Build | Farm |
| 15:41 | Build | Farm |
| 15:59 | Research | Fletching |
| 15:59 | Research | Fletching |
| 16:15 | Build | Farm |
| 16:15 | Build | Farm |
| 16:41 | Create | Villager (Male) |
| 16:51 | Build | Farm |
| 17:08 | Build | Farm |
| 17:10 | Build | Farm |
| 17:13 | Create | Villager (Male) |
| 17:37 | Build | Market |
| 17:54 | Create | Skirmisher |
Build order — Smiley
113 actions detected in the replay
| 0:01 | Create | Villager (Male) |
| 0:01 | Create | Villager (Male) |
| 0:01 | Create | Villager (Male) |
| 0:02 | Build | House |
| 0:04 | Build | House |
| 0:06 | Create | Villager (Male) |
| 0:06 | Create | Villager (Male) |
| 1:27 | Create | Villager (Male) |
| 1:27 | Create | Villager (Male) |
| 1:55 | Create | Villager (Male) |
| 2:13 | Build | Lumber Camp |
| 2:34 | Create | Villager (Male) |
| 2:34 | Create | Villager (Male) |
| 2:42 | Create | Villager (Male) |
| 2:42 | Create | Villager (Male) |
| 2:58 | Create | Villager (Male) |
| 2:58 | Create | Villager (Male) |
| 3:18 | Build | House |
| 3:20 | Build | House |
| 3:24 | Create | Villager (Male) |
| 3:24 | Create | Villager (Male) |
| 3:37 | Research | Loom |
| 3:37 | Research | Loom |
| 3:41 | Create | Villager (Male) |
| 3:52 | Create | Villager (Male) |
| 3:52 | Create | Villager (Male) |
| 4:01 | Create | Villager (Male) |
| 4:01 | Create | Villager (Male) |
| 4:29 | Create | Villager (Male) |
| 4:58 | Build | Mill |
| 5:04 | Create | Villager (Male) |
| 5:22 | Create | Villager (Male) |
| 5:23 | Research | Loom |
| 6:37 | Research | Feudal Age |
| 6:37 | Research | Feudal Age |
| 7:11 | Create | Villager (Male) |
| 7:54 | Build | Barracks |
| 8:54 | Age | Feudal Age |
| 8:58 | Build | Stable |
| 9:06 | Create | Villager (Male) |
| 9:22 | Create | Villager (Male) |
| 9:24 | Research | Double-Bit Axe |
| 9:25 | Research | Horse Collar |
| 9:44 | Create | Scout Cavalry |
| 9:44 | Create | Scout Cavalry |
| 9:54 | Build | House |
| 9:55 | Build | Palisade Wall |
| 9:59 | Create | Scout Cavalry |
| 10:00 | Create | Villager (Male) |
| 10:08 | Build | House |
| 10:33 | Create | Spearman |
| 10:37 | Create | Villager (Male) |
| 10:44 | Build | House |
| 10:45 | Build | Palisade Wall |
| 10:46 | Build | Palisade Wall |
| 10:47 | Create | Spearman |
| 10:49 | Build | House |
| 10:56 | Build | Farm |
| 10:58 | Create | Spearman |
| 11:06 | Create | Villager (Male) |
| 11:07 | Create | Spearman |
| 11:23 | Build | Farm |
| 11:24 | Create | Villager (Male) |
| 11:27 | Build | Farm |
| 11:39 | Create | Villager (Male) |
| 11:42 | Build | Farm |
| 11:48 | Build | House |
| 11:58 | Build | Farm |
| 12:12 | Build | Farm |
| 12:16 | Build | Farm |
| 12:18 | Create | Villager (Male) |
| 12:44 | Create | Villager (Male) |
| 12:49 | Create | Villager (Male) |
| 12:49 | Create | Villager (Male) |
| 12:53 | Build | Farm |
| 12:55 | Build | Farm |
| 12:57 | Build | Farm |
| 13:27 | Create | Spearman |
| 13:37 | Create | Villager (Male) |
| 13:37 | Create | Spearman |
| 13:38 | Create | Spearman |
| 13:44 | Build | Farm |
| 13:53 | Create | Spearman |
| 13:54 | Create | Villager (Male) |
| 14:09 | Build | Blacksmith |
| 14:48 | Build | House |
| 14:52 | Build | Palisade Wall |
| 14:59 | Create | Scout Cavalry |
| 14:59 | Create | Scout Cavalry |
| 15:01 | Create | Villager (Male) |
| 15:01 | Create | Villager (Male) |
| 15:01 | Create | Villager (Male) |
| 15:24 | Build | Farm |
| 15:26 | Build | Farm |
| 15:27 | Create | Villager (Male) |
| 15:50 | Create | Villager (Male) |
| 15:54 | Build | Farm |
| 16:15 | Build | Watch Tower |
| 16:49 | Create | Villager (Male) |
| 16:49 | Create | Villager (Male) |
| 16:56 | Create | Villager (Male) |
| 16:56 | Create | Villager (Male) |
| 17:11 | Research | Scale Barding Armor |
| 17:12 | Create | Scout Cavalry |
| 17:12 | Create | Scout Cavalry |
| 17:18 | Build | House |
| 17:35 | Create | Villager (Male) |
| 17:35 | Create | Villager (Male) |
| 17:44 | Build | Palisade Wall |
| 17:48 | Create | Scout Cavalry |
| 17:57 | Build | House |
| 18:19 | Build | House |
| 18:20 | Build | Palisade Wall |
Match timeline
| 4:44 | TAG_Sitaux · first_building Barracks |
| 7:26 | HunosTheMonster · first_building Barracks |
| 7:33 | Fs.Alive · first_building Barracks |
| 7:54 | Smiley · first_building Barracks |
| 8:26 | Fs.Alive · age_up feudal |
| 8:37 | Fs.Alive · first_building Archery Range |
| 8:37 | HunosTheMonster · wall_segment Palisade Wall x1 |
| 8:40 | HunosTheMonster · wall_segment Palisade Wall x1 |
| 8:42 | HunosTheMonster · wall_segment Palisade Wall x1 |
| 8:44 | HunosTheMonster · wall_segment Palisade Wall x1 |
| 8:54 | Smiley · age_up feudal |
| 8:58 | Smiley · first_building Stable |
| 9:11 | Fs.Alive · wall_segment Palisade Wall x1 |
| 9:15 | HunosTheMonster · age_up feudal |
| 9:16 | HunosTheMonster · first_building Stable |
| 9:19 | Fs.Alive · wall_segment Palisade Wall x1 |
| 9:21 | Fs.Alive · wall_segment Palisade Wall x1 |
| 9:26 | Fs.Alive · wall_segment Palisade Wall x1 |
| 9:55 | Smiley · wall_segment Palisade Wall x1 |
| 10:33 | TAG_Sitaux · age_up feudal |
| 10:37 | TAG_Sitaux · first_building Archery Range |
| 10:45 | Smiley · wall_segment Palisade Wall x8 |
| 10:46 | Smiley · wall_segment Palisade Wall x8 |
| 10:51 | HunosTheMonster · wall_segment Palisade Wall x1 |
| 11:10 | TAG_Sitaux · wall_segment Palisade Wall x9 |
| 12:25 | HunosTheMonster · wall_segment Palisade Wall x5 |
| 12:29 | Fs.Alive · wall_segment Palisade Wall x1 |
| 12:55 | Fs.Alive · wall_segment Palisade Wall x11 |
| 13:01 | TAG_Sitaux · wall_segment Palisade Wall x1 |
| 13:05 | Fs.Alive · wall_segment Palisade Wall x3 |
| 13:08 | Fs.Alive · wall_segment Palisade Wall x7 |
| 13:11 | TAG_Sitaux · wall_segment Palisade Wall x3 |
| 13:12 | TAG_Sitaux · wall_segment Palisade Wall x15 |
| 13:20 | TAG_Sitaux · wall_segment Palisade Wall x7 |
| 13:24 | TAG_Sitaux · wall_segment Palisade Wall x3 |
| 13:27 | Fs.Alive · wall_segment Palisade Wall x9 |
| 14:20 | Fs.Alive · wall_segment Palisade Wall x6 |
| 14:20 | TAG_Sitaux · wall_segment Palisade Wall x1 |
| 14:52 | Smiley · wall_segment Palisade Wall x9 |
| 15:01 | Fs.Alive · wall_segment Palisade Wall x5 |
| 17:44 | Smiley · wall_segment Palisade Wall x1 |
| 18:04 | Fs.Alive · resign |
| 18:20 | Smiley · wall_segment Palisade Wall x1 |
[ AI ANALYSIS · 1 CREDIT ]
What really happened in this match?
Wolo.gg analyzes every decision: build order, eco, micro, common mistakes by bracket. Personalized analysis on WhatsApp or Discord in 30 seconds.
Civ guide
Maya
Perfil
Jugador #212721